 Dungeon Crawl Stone Soup version 0.31-a0-210-gccc998df9b (webtiles) character file.

Game seed: 16360806296773219574

191449 qw the Crack Shot (level 18, -5/126 HPs)
             Began as a Gargoyle Hexslinger on June 30, 2023.
             Was a High Priest of Okawaru.
             Slain by Louise
             ... wielding a +1 eveningstar of pain
              (12 damage)
             ... on level 4 of the Snake Pit.
             The game lasted 00:14:56 (28120 turns).

qw the Crack Shot (Gargoyle Hexslinger)            Turns: 28120, Time: 00:14:56

Health: -5/126     AC: 33    Str: 14    XL:     18   Next: 65%
Magic:  25/25      EV: 22    Int: 14    God:    Okawaru [*****.]
Gold:   756        SH:  0    Dex: 19    Spells: 18/19 levels left

rFire   + . .        n - +7 triple crossbow "Grim Tooth" {freeze, rF+ Dex+3}
rCold   + . .        (shield currently unavailable)
rNeg    + + .        s - +0 troll leather armour
rPois   inf          i - +2 helmet
rElec   +            d - +1 cloak {Stlth+}
rCorr   .            v - +1 pair of gloves "Kowkeal" {rElec rN+ Will++}
SInv    .            p - +2 pair of boots
Will    ++++.        A - amulet of faith
Stlth   ++++         z - ring of protection from cold
HPRegen 1.21/turn    w - ring of willpower
MPRegen 0.19/turn

%: faith
@: about to teleport, heroic, weakened, flying
A: sickness immunity, AC +13, big wings, negative energy resistance 1,
electricity resistance, torment resistance 1, petrification resistance, clumsy 1
a: Renounce Religion, Heroism, Finesse, Duel


You were on level 4 of the Snake Pit.
You worshipped Okawaru.
Okawaru was extremely pleased with you.
You visited 6 branches of the dungeon, and saw 30 of its levels.
You also visited: Gauntlet.

You collected 3246 gold pieces.
You spent 2490 gold pieces at shops.


Innate Abilities, Weirdness & Mutations

You are immune to sickness and miasma.
Your stone body is resilient. (AC +13)
You are immune to poison.
Your large and strong wings let you fly.
You resist negative energy. (rN+)
You are resistant to electric shocks. (rElec)
You are resistant to unholy torment.
You are immune to petrification.
You are clumsy. (Dex -2)


   Skills:
 + Level 18.4(23.4) Fighting
 - Level 22.0(27) Ranged Weapons
 - Level 11.2(16.2) Armour
 - Level 11.0(16.0) Dodging
 - Level 1.0 Spellcasting
 - Level 2.6 Hexes
 - Level 10.0 Invocations


You had 18 spell levels left.
You knew the following spells:

 Your Spells              Type           Power      Damage    Failure   Level
a - Slow                  Hex            32%        N/A       10%         1

Your spell library contained the following spells:

 Spells                   Type           Power      Damage    Failure   Level
 Inner Flame              Hex/Fire       4%         N/A       45%         3
 Portal Projectile        Hex/Tloc       8%         N/A       45%         3
 Cause Fear               Hex            4%         N/A       69%         4

Inventory:

Hand Weapons
 n - the +7 triple crossbow "Grim Tooth" (weapon) {freeze, rF+ Dex+3}
   (Okawaru gifted it to you on level 3 of the Lair of Beasts)

   Dex:       It affects your dexterity (+3).
   rF:        It protects you from fire.
Armour
 d - a +1 cloak of stealth (worn)
 i - a +2 helmet (worn)
 j - a +2 pair of gloves
 o - the +1 leather armour of the Sunfish {Harm rElec Str+3 Dex+4}
   (You bought it in a shop on level 2 of the Orcish Mines)

   Str:       It affects your strength (+3).
   Dex:       It affects your dexterity (+4).
   rElec:     It insulates you from electricity.
   Harm:      It increases damage dealt and taken.
 p - a +2 pair of boots (worn)
 s - a +0 troll leather armour (worn)
 v - the +1 pair of gloves "Kowkeal" (worn) {rElec rN+ Will++}
   (You found it in a Gauntlet)

   rElec:     It insulates you from electricity.
   rN:        It protects you from negative energy.
   Will:      It greatly increases your willpower.
Jewellery
 k - a ring of protection from fire
 w - a ring of willpower (right hand)
 y - the ring "Vaotom" {rN++ Int+6}
   (You bought it in a shop on level 3 of the Snake Pit)

   [ring of intelligence]

   Int:       It affects your intelligence (+6).
   rN:        It greatly protects you from negative energy.
 z - a ring of protection from cold (left hand)
 A - an amulet of faith (around neck)
 Y - a ring of protection from fire
Wands
 m - a wand of digging (21)
Scrolls
 b - 11 scrolls of teleportation
 e - 19 scrolls of identify
 r - 6 scrolls of enchant weapon
 t - 2 scrolls of brand weapon
Potions
 a - 5 potions of haste
 c - 10 potions of curing
 f - 7 potions of enlightenment
 g - 4 potions of heal wounds
 h - 6 potions of might
 l - 8 potions of mutation
 q - a potion of magic
 u - a potion of resistance

Dungeon Overview and Level Annotations

Branches:
Dungeon (15/15) Temple (1/1) D:5 Lair (5/5) D:8 Swamp (3/4) Lair:2 Snake (4/4) Lair:2 Slime (0/5) Lair:4 Orc (2/2) D:9 Elf (0/3) Orc:2 Vaults (0/5) D:12 D:13 Depths (0/4) D:15 Gauntlet (visited)

Altars:
Ashenzari
Cheibriados
Dithmenos
Elyvilon
Fedhas
Gozag
Hepliaklqana
Kikubaaqudgha
Makhleb
Nemelex Xobeh
Okawaru
Qazlal
Ru
Sif Muna
Trog
Uskayaw
Vehumet
Wu Jian
Xom
Yredelemnul
Zin
The Shining One
Lugonu

Shops:
D:4 *   D:5 (   D:10 **   D:13 :   Orc:2 :([*   Snake:3 (*

Portals:
Abyss: Lair:5

Annotations:
D:2 1 runed translucent door, Crazy Yiuf
Lair:1 2 transporters, 3 runed translucent doors, qw's ghost, novice DEHu; qw's ghost, novice NaHu
Lair:3 2 transporters
Swamp:3 1 runed translucent door, qw's ghost, adept GrFi
Snake:4 Louise
Orc:1 Rupert


Message History

The naga mage is severely wounded.
The guardian serpent hits you! x2; Louise misses you.
The guardian serpent hits you. The naga mage hits you with a +0 club.
The naga mage constricts you.
The guardian serpent casts a spell at you.
The bolt of poison hits you but does no damage.
You resist.
The bolt of poison misses the guardian serpent.
The guardian serpent hits you. The guardian serpent barely misses you.
Louise barely misses you.
You shoot a bolt. The bolt hits the naga mage!!!
The bolt freezes the naga mage.
You kill the naga mage!
Okawaru accepts your kill.
You can now enter into single combat with a foe.
Okawaru will now gift you equipment as you gain piety.
The guardian serpent hits you but does no damage.
The guardian serpent casts a spell at you.
The bolt of poison misses you.
The bolt of poison hits the guardian serpent.
The guardian serpent barely misses you. The guardian serpent hits you!
A naga sharpshooter comes into view. It is wielding a +0 long sword.
The guardian serpent barely misses you.
The guardian serpent hits you but does no damage.
The guardian serpent completely misses you.
The guardian serpent casts a spell at you.
The bolt of poison hits you but does no damage.
You resist.
Louise hits you with a +1 eveningstar of pain!
28120 ||| READING 12 scrolls of teleportation.
As you read the scroll of teleportation, it crumbles to dust.
You feel strangely unstable.
The guardian serpent closely misses you. x2
The guardian serpent barely misses you. The guardian serpent misses you.
The naga sharpshooter unwields a +0 long sword.
The naga sharpshooter wields a +0 shortbow.
The naga sharpshooter gestures wildly while chanting.
The naga sharpshooter magically shoots an arrow.
The arrow hits you!
Louise hits you with a +1 eveningstar of pain!
You die...

.)......8##.....###..
.................#...
.............}...'..8
.######.%........#
.#....'.8##.....##
.#....#..####.8## #
.#....#....##...#### ...
.#....#....#...@)S.##....
.##...#....#...)@S)....#
..#####....##..S#S[#N.##
............##.##### .#
.............#..
.............#..
............)##.
.##....).....)####
#####.........)..### #
#..............##


You could see Louise (empowered), a naga sharpshooter and 4 guardian serpents.

Vanquished Creatures
  Bai Suzhen (Swamp:3)
  Vashnia (Snake:3)
  Jorgrun (D:15)
  Kirke (Snake:3)
  2 thorn hunters (Swamp:3)
  Donald (Snake:2)
  2 nagarajas
  Aizul (Snake:3)
  An orc warlord (Orc:2)
  A stone giant (Orc:2)
  An eleionoma (Swamp:2)
  A minotaur (Gauntlet)
  Snorg (Orc:2)
  4 ettins
  4 salamander tyrants
  11 hydras
  6 anacondas
  10 centaur warriors
  A catoblepas (D:13)
  5 boulder beetles
  7 naga warriors
  4 alligators
  9 death yaks
  An orc high priest (Orc:1)
  4 two-headed ogres
  A death knight (D:15)
  2 tengu warriors
  Urug (D:12)
  20 naga sharpshooters
  10 shock serpents
  2 thrashing horrors (Lair:5)
  3 skysharks
  Sonja (Lair:4)
  A fire crab (shapeshifter) (Lair:5)
  6 salamander mystics
  A fire crab (Lair:5)
  Amaemon (Lair:3)
  5 goliath frogs
  Lodul (D:13)
  2 bog bodies (Swamp:1)
  4 swamp dragons
  A deep troll (D:15)
  3 naga ritualists
  4 spriggan druids
  2 sea snakes (Snake:3)
  2 wizards (D:15)
  3 orc knights
  3 deep elf pyromancers (D:15)
  2 necromancers
  3 steelbarb worms (Swamp:2)
  17 ugly things
  4 orc sorcerers
  5 mana vipers
  13 cyclopes
  15 salamanders
  2 manticores
  3 will-o-the-wisps
  Maurice (Orc:1)
  27 black mambas
  16 elephants
  An ice statue (D:13)
  An orange demon (Lair:3)
  3 smoke demons (Lair:5)
  A torpor snail (Lair:4)
  18 naga magi
  A water nymph (shapeshifter) (Lair:5)
  3 unseen horrors (D:11)
  14 cane toads
  A gargoyle (D:13)
  4 kobold demonologists (D:11)
  A freezing wraith (D:15)
  A rime drake (shapeshifter) (D:14)
  2 efreet (D:14)
  A yaktaur (shapeshifter) (D:15)
  An ancient zyme (Lair:5)
  2 tengu conjurers (D:13)
  7 rime drakes
  5 ice devils (D:13)
  9 komodo dragons
  8 trolls
  A wolf spider simulacrum (D:15)
  11 tyrant leeches
  A meliai (D:15)
  4 polar bears
  A hornet (shapeshifter) (Lair:5)
  A blink frog (shapeshifter) (D:15)
  7 hornets
  A raiju (Gauntlet)
  17 blink frogs
  6 slime creatures
  A ynoxinul (Gauntlet)
  4 shadows
  10 wyverns
  9 spriggans
  2 wraiths (D:12)
  3 basilisks
  16 humans
  39 yaks
  4 vampire mosquitoes (Swamp:1)
  7 hogs (Snake:3)
  3 steam dragons
  2 chaos spawn (Lair:5)
  5 wargs
  57 nagas
  Edmund (D:6)
  8 swamp worms
  An acid dragon (D:11)
  10 water moccasins
  11 orc warriors
  3 swamp drakes
  3 ice beasts
  A boggart (D:12)
  5 black bears
  A large abomination (Lair:5)
  16 wolves
  10 ogres
  4 centaurs
  4 phantoms
  7 kobold brigands
  8 bullfrogs
  3 gnoll sergeants
  7 scorpions
  10 wights
  12 small abominations (Lair:5)
  2 troll zombies (D:9)
  7 howler monkeys
  7 electric eels
  3 jellies
  13 orc priests
  A gnoll bouda (D:7)
  6 hounds
  A sleepcap (D:5)
  2 iron imps (Gauntlet)
  Terence (D:3)
  Natasha (twice) (D:2)
  6 iguanas
  2 lightning spires (Gauntlet)
  16 orc wizards
  4 ogre zombies (D:9)
  2 mummies
  12 gnolls
  15 adders
  A shadow imp (D:7)
  2 white imps
  7 ufetubi (D:13)
  A worm (D:2)
  A dart slug (D:1)
  65 orcs
  7 ball pythons
  3 bats
  9 endoplasms
  2 giant cockroaches (D:3)
  5 goblins
  4 hobgoblins
  2 quokkas (D:2)
  4 frilled lizards
  4 goblin zombies (D:9)
  A hobgoblin skeleton (D:9)
  3 hobgoblin zombies (D:9)
  31 kobolds
  2 kobold zombies (D:6)
  An orc skeleton (D:9)
  12 orc zombies
  6 rats
964 creatures vanquished.

Vanquished Creatures (others)
  An ogre mage (D:15)
  12 foxfires (Swamp:2)
13 creatures vanquished.

Grand Total: 977 creatures vanquished

Notes
Turn   | Place    | Note
-------+----------+-------------------------------------------
     0 | D:1      | qw the Gargoyle Hexslinger began the quest for the Orb.
     0 | D:1      | Reached XP level 1. HP: 12/12 MP: 2/2
     0 | D:1      | 0 ||| qw: Version: 0.3-a-26-gee661ec
     0 | D:1      | 0 ||| qw: Game counter: 7176
     0 | D:1      | 0 ||| qw: Melee chars always use a shield: true
     0 | D:1      | 0 ||| qw: God list: Okawaru
     0 | D:1      | 0 ||| qw: Allow faded altars: false
     0 | D:1      | 0 ||| qw: Do Orc after clearing Dungeon:15 true
     0 | D:1      | 0 ||| qw: Do second Lair branch before Depths: true
     0 | D:1      | 0 ||| qw: Lair rune preference: random
     0 | D:1      | 0 ||| qw: Goals: Normal
     0 | D:1      | 0 ||| PLANNING D:1-11
    19 | D:1      | HP: 1/12 [hobgoblin (4)]
    90 | D:1      | Found a faded altar of an unknown god.
   178 | D:1      | Reached XP level 2. HP: 12/16 MP: 3/3
   228 | D:1      | Reached skill level 3 in Ranged Weapons
   956 | D:1      | 956 ||| UPGRADING to +1 cloak of stealth.
   961 | D:1      | 961 ||| UPGRADING to +0 leather armour.
   971 | D:1      | 971 ||| DROPPING +0 robe.
   972 | D:1      | 972 ||| UPGRADING to +0 ring mail.
   982 | D:1      | 982 ||| DROPPING +0 leather armour.
   983 | D:1      | 983 ||| UPGRADING to ring of protection from fire.
   984 | D:1      | 984 ||| DROPPING ring of magical power.
   985 | D:1      | 985 ||| READING scroll labelled PIUTEUTIDYP.
   986 | D:1      | 986 ||| DRINKING 2 white potions.
   987 | D:1      | 987 ||| DROPPING scroll of poison.
  1058 | D:2      | Reached XP level 3. HP: 9/21 MP: 4/4
  1059 | D:2      | HP: 4/21 [endoplasm (2)]
  1413 | D:2      | Noticed Natasha
  1423 | D:2      | Killed Natasha
  1424 | D:2      | Reached XP level 4. HP: 16/26 MP: 5/5
  1513 | D:2      | Found a runed translucent door.
  1514 | D:2      | Noticed Crazy Yiuf
  1656 | D:2      | Noticed Natasha
  1665 | D:2      | Killed Natasha
  2033 | D:2      | 2033 ||| READING scroll labelled TIOFFI QIMUCZO.
  2055 | D:2      | 2055 ||| DRINKING 2 red potions.
  2056 | D:2      | 2056 ||| DRINKING 3 viscous ruby potions.
  2057 | D:2      | 2057 ||| DROPPING 2 potions of degeneration.
  2092 | D:3      | Noticed Terence
  2108 | D:3      | Killed Terence
  2109 | D:3      | Reached skill level 4 in Ranged Weapons
  2109 | D:3      | Reached XP level 5. HP: 13/30 MP: 6/6
  2126 | D:3      | 2126 ||| FLEEEEING.
  2127 | D:3      | 2127 ||| FLEEEEING.
  2128 | D:3      | 2128 ||| STAIRDANCE
  2963 | D:3      | 2963 ||| UPGRADING to +1 pair of gloves.
  2968 | D:3      | 2968 ||| READING scroll labelled RIODABLA JIVAGEI.
  2969 | D:3      | 2969 ||| READING 4 scrolls labelled RIW AQOATIQEC.
  2970 | D:3      | 2970 ||| READING scroll labelled NAISCH RYMEGEP.
  2971 | D:3      | 2971 ||| READING scroll labelled XOITUWK JUHYNG.
  2972 | D:3      | 2972 ||| DRINKING 3 puce potions.
  2973 | D:3      | 2973 ||| READING 3 scrolls of identify.
  2973 | D:3      | 2973 ||| IDENTIFYING brown potion
  2974 | D:3      | 2974 ||| READING 2 scrolls of identify.
  2974 | D:3      | 2974 ||| IDENTIFYING yellow potion
  2975 | D:3      | 2975 ||| DROPPING potion of lignification.
  3022 | D:4      | 3022 ||| PLANNING OSSUARY
  3142 | D:4      | Reached skill level 5 in Ranged Weapons
  3145 | D:4      | Reached XP level 6. HP: 31/36 MP: 7/7
  3231 | D:4      | Found Tajil's Assorted Antiques.
  3237 | D:4      | Reached skill level 3 in Fighting
  3241 | D:4      | 3241 ||| BUYING metallic silvery potion (25 gold).
  3241 | D:4      | Bought a metallic silvery potion for 25 gold pieces
  3241 | D:4      | 3241 ||| BUYING scroll labelled RABLUJI FUFISA (28 gold).
  3241 | D:4      | Bought a scroll labelled RABLUJI FUFISA for 28 gold pieces
  3241 | D:4      | 3241 ||| BUYING scroll of teleportation (84 gold).
  3241 | D:4      | Bought a scroll of teleportation for 84 gold pieces
  3295 | D:4      | You fall into a shaft and drop 3 floors!
  3325 | D:7      | Reached skill level 6 in Ranged Weapons
  3494 | D:7      | Noticed a steam dragon
  3507 | D:7      | Killed a steam dragon
  3508 | D:7      | Reached XP level 7. HP: 43/44 MP: 8/8
  3585 | D:7      | 3585 ||| Stepping ~*~*~tactically~*~*~ (outnumbered).
  3587 | D:7      | 3587 ||| Stepping ~*~*~tactically~*~*~ (outnumbered).
  3630 | D:7      | 3630 ||| UPGRADING to +2 pair of boots.
  3644 | D:7      | Reached skill level 7 in Ranged Weapons
  3813 | D:7      | Noticed a wyvern
  3823 | D:7      | Killed a wyvern
  3824 | D:7      | Reached skill level 8 in Ranged Weapons
  3824 | D:7      | Reached XP level 8. HP: 46/48 MP: 9/9
  3840 | D:7      | 3840 ||| Stepping ~*~*~tactically~*~*~ (outnumbered).
  3863 | D:7      | HP: 10/48 [gnoll/+0 flail[a gnoll bouda] (9)]
  3864 | D:7      | 3864 ||| READING 2 scrolls of teleportation.
  3865 | D:7      | 3865 ||| DRINKING potion of heal wounds.
  3868 | D:7      | 3868 ||| RIP OSSUARY
  3868 | D:7      | 3868 ||| PLANNING D:1-11
  4010 | D:7      | 4010 ||| DROPPING ring of wizardry.
  4011 | D:7      | 4011 ||| READING scroll labelled VUIGIO MAHEA.
  4012 | D:7      | 4012 ||| READING scroll labelled RABLUJI FUFISA.
  4013 | D:7      | 4013 ||| DRINKING 2 green potions.
  4013 | D:7      | Gained mutation: You do not regenerate when monsters are
                  | visible. [potion of mutation]
  4013 | D:7      | Gained mutation: You are frail. (-10% HP) [potion of
                  | mutation]
  4014 | D:7      | 4014 ||| DRINKING potion of mutation.
  4014 | D:7      | Lost mutation: You do not regenerate when monsters are
                  | visible. [potion of mutation]
  4014 | D:7      | Lost mutation: You are frail. (-10% HP) [potion of
                  | mutation]
  4014 | D:7      | Gained mutation: You are clumsy. (Dex -2) [potion of
                  | mutation]
  4014 | D:7      | Gained mutation: Your large and strong wings let you fly.
                  | [potion of mutation]
  4054 | D:7      | 4054 ||| FLEEEEING.
  4055 | D:7      | 4055 ||| STAIRDANCE
  4233 | D:6      | 4233 ||| DRINKING 3 potions of curing.
  4233 | D:6      | 4233 ||| (to cure confusion)
  4431 | D:6      | 4431 ||| DROPPING scarf of invisibility.
  4432 | D:6      | 4432 ||| READING scroll labelled VUZEYL UJOID.
  4441 | D:5      | Entered Level 5 of the Dungeon
  4441 | D:5      | Found Curphuza's Weapon Shoppe.
  4442 | D:5      | 4442 ||| FLEEEEING.
  4443 | D:5      | 4443 ||| FLEEEEING.
  4444 | D:5      | 4444 ||| FLEEEEING.
  4445 | D:5      | 4445 ||| STAIRDANCE
  4446 | D:4      | 4446 ||| RIP OSSUARY
  4465 | D:4      | 4465 ||| DRINKING 2 potions of curing.
  4465 | D:4      | 4465 ||| (to cure confusion)
  4475 | D:4      | 4475 ||| DRINKING potion of curing.
  4475 | D:4      | 4475 ||| (to cure confusion)
  4547 | D:4      | Reached skill level 9 in Ranged Weapons
  4774 | D:4      | 4774 ||| READING 2 scrolls of identify.
  4774 | D:4      | 4774 ||| IDENTIFYING metallic silvery potion
  4775 | D:4      | 4775 ||| DROPPING potion of berserk rage.
  4808 | D:5      | Reached skill level 3 in Armour
  4882 | D:5      | Found a staircase to the Ecumenical Temple.
  4883 | D:5      | 4883 ||| PLANNING TEMPLE
  4883 | D:5      | 4883 ||| READING scroll labelled ZETRUGRI MANIY.
  4893 | Temple   | Entered the Ecumenical Temple
  5120 | Temple   | 5120 ||| PLANNING D:1-11
  5177 | D:5      | Reached skill level 6 in Fighting
  5254 | D:5      | Reached XP level 9. HP: 49/55 MP: 10/10
  5272 | D:5      | Found an iron altar of Okawaru.
  5272 | D:5      | Found a stormy altar of Qazlal.
  5273 | D:5      | 5273 ||| PLANNING OKAWARU WORSHIP
  5277 | D:5      | Became a worshipper of Warmaster Okawaru
  5278 | D:5      | 5278 ||| PLANNING D:1-11
  5655 | D:5      | Reached skill level 10 in Ranged Weapons
  5783 | D:5      | 5783 ||| UPGRADING to +0 robe of cold resistance.
  5793 | D:5      | 5793 ||| READING scroll labelled ODGHIA HAPAGIO.
  5793 | D:5      | Identified a scroll of acquirement
  5793 | D:5      | 5793 ||| ACQUIRING +0 longbow of freezing
  5793 | D:5      | Acquired a +0 longbow of freezing
  5795 | D:5      | 5795 ||| SWAPPING to +0 longbow of freezing.
  5796 | D:5      | 5796 ||| DROPPING +2 sling of draining.
  5797 | D:5      | 5797 ||| READING scroll labelled XUILIDEUSURY.
  5900 | D:5      | 5900 ||| Stepping ~*~*~tactically~*~*~ (outnumbered).
  5912 | D:5      | Reached * piety under Okawaru
  5924 | D:5      | Identified the +2 plate armour of the Morning Star {Int+3}
  5981 | D:5      | Reached skill level 1 in Invocations
  6079 | D:5      | 6079 ||| INVOKING Heroism.
  6083 | D:5      | 6083 ||| DRINKING 3 potions of curing.
  6083 | D:5      | 6083 ||| (to cure confusion)
  6245 | D:6      | Reached skill level 3 in Invocations
  6265 | D:6      | 6265 ||| INVOKING Heroism.
  6276 | D:6      | Reached skill level 11 in Ranged Weapons
  6425 | D:6      | 6425 ||| INVOKING Heroism.
  6431 | D:6      | Reached XP level 10. HP: 61/63 MP: 9/12
  6490 | D:6      | Reached skill level 3 in Dodging
  6535 | D:6      | Found a broken altar of Ashenzari.
  6653 | D:6      | 6653 ||| INVOKING Heroism.
  6813 | D:6      | Noticed Edmund
  6820 | D:6      | Killed Edmund
  6934 | D:6      | 6934 ||| UPGRADING to +0 helmet.
  6939 | D:6      | 6939 ||| READING 2 scrolls of identify.
  6939 | D:6      | 6939 ||| IDENTIFYING purple potion
  6940 | D:6      | 6940 ||| DROPPING potion of brilliance.
  7211 | D:7      | Found a snail-covered altar of Cheibriados.
  7267 | D:7      | Found a shimmering altar of Xom.
  7269 | D:7      | Found a hide-covered altar of Uskayaw.
  7508 | D:7      | 7508 ||| DROPPING +0 ring mail.
  7509 | D:7      | 7509 ||| UPGRADING to +3 leather armour.
  7519 | D:7      | 7519 ||| DROPPING +0 robe of cold resistance.
  7622 | D:8      | 7622 ||| INVOKING Heroism.
  7660 | D:8      | Found a white marble altar of Elyvilon.
  7697 | D:8      | Identified the +1 ring mail "Zamm" {rElec rPois Will+
                  | Dex-4}
  7752 | D:8      | 7752 ||| Stepping ~*~*~tactically~*~*~ (outnumbered).
  7754 | D:8      | 7754 ||| Stepping ~*~*~tactically~*~*~ (outnumbered).
  7871 | D:8      | 7871 ||| Stepping ~*~*~tactically~*~*~ (outnumbered).
  7882 | D:8      | 7882 ||| FLEEEEING.
  7883 | D:8      | 7883 ||| FLEEEEING.
  7884 | D:8      | 7884 ||| FLEEEEING.
  7885 | D:8      | 7885 ||| FLEEEEING.
  7886 | D:8      | 7886 ||| FLEEEEING.
  7887 | D:8      | 7887 ||| FLEEEEING.
  7888 | D:8      | 7888 ||| FLEEEEING.
  8106 | D:8      | Reached skill level 12 in Ranged Weapons
  8117 | D:8      | 8117 ||| INVOKING Heroism.
  8214 | D:8      | Found a staircase to the Lair.
  8594 | D:8      | 8594 ||| PLANNING LAIR
  8594 | D:8      | 8594 ||| DROPPING +1 ring mail "Zamm" {rElec rPois Will+
                  | Dex-4}.
  8681 | Lair:1   | Entered Level 1 of the Lair of Beasts
  8681 | Lair:1   | Found a transporter.
  8702 | Lair:1   | Noticed a cane toad
  8703 | Lair:1   | 8703 ||| INVOKING Heroism.
  8708 | Lair:1   | Killed a cane toad
  8729 | Lair:1   | Found a transporter.
  8753 | Lair:1   | 8753 ||| INVOKING Heroism.
  8802 | Lair:1   | Found a runed translucent gate.
  8803 | Lair:1   | Found a runed translucent gate.
  8803 | Lair:1   | Found a runed translucent gate.
  8804 | Lair:1   | Noticed qw's ghost (novice NaHu)
  8804 | Lair:1   | Noticed qw's ghost (novice DEHu)
  8824 | Lair:1   | Noticed a cane toad
  8825 | Lair:1   | 8825 ||| INVOKING Heroism.
  8830 | Lair:1   | Reached ** piety under Okawaru
  8831 | Lair:1   | Reached skill level 13 in Ranged Weapons
  8844 | Lair:1   | Killed a cane toad
  8845 | Lair:1   | Reached XP level 11. HP: 51/69 MP: 14/14
  8925 | Lair:1   | 8925 ||| INVOKING Heroism.
  8936 | Lair:1   | Reached skill level 9 in Fighting
  9067 | Lair:1   | 9067 ||| INVOKING Heroism.
  9116 | Lair:1   | You are sucked into a shaft and drop 1 floor!
  9178 | Lair:2   | 9178 ||| UPGRADING to ring of protection from fire.
  9195 | Lair:2   | 9195 ||| INVOKING Heroism.
  9516 | Lair:1   | Reached *** piety under Okawaru
  9640 | Lair:2   | 9640 ||| INVOKING Heroism.
  9710 | Lair:2   | 9710 ||| INVOKING Heroism.
  9726 | Lair:2   | 9726 ||| INVOKING Heroism.
  9741 | Lair:2   | HP: 14/71 [black mamba (9)]
  9742 | Lair:2   | 9742 ||| READING 5 scrolls of teleportation.
  9743 | Lair:2   | 9743 ||| DRINKING 2 potions of heal wounds.
  9745 | Lair:2   | Reached skill level 14 in Ranged Weapons
  9879 | Lair:2   | 9879 ||| INVOKING Heroism.
  9910 | Lair:2   | 9910 ||| INVOKING Heroism.
 10039 | Lair:2   | 10039 ||| Stepping ~*~*~tactically~*~*~ (outnumbered).
 10041 | Lair:2   | 10041 ||| Stepping ~*~*~tactically~*~*~ (outnumbered).
 10043 | Lair:2   | 10043 ||| Stepping ~*~*~tactically~*~*~ (outnumbered).
 10045 | Lair:2   | 10045 ||| Stepping ~*~*~tactically~*~*~ (outnumbered).
 10047 | Lair:2   | 10047 ||| Stepping ~*~*~tactically~*~*~ (outnumbered).
 10049 | Lair:2   | 10049 ||| Stepping ~*~*~tactically~*~*~ (outnumbered).
 10050 | Lair:2   | 10050 ||| Stepping ~*~*~tactically~*~*~ (outnumbered).
 10059 | Lair:2   | 10059 ||| INVOKING Heroism.
 10068 | Lair:2   | HP: 16/72 [naga/+0 war axe (11)]
 10069 | Lair:2   | 10069 ||| READING 4 scrolls of teleportation.
 10070 | Lair:2   | 10070 ||| DRINKING potion of heal wounds.
 10212 | Lair:2   | 10212 ||| INVOKING Heroism.
 10327 | Lair:2   | Found a staircase to the Swamp.
 10453 | Lair:2   | 10453 ||| INVOKING Heroism.
 10523 | Lair:2   | Found a staircase to the Snake Pit.
 10648 | Lair:2   | Noticed a skyshark
 10659 | Lair:2   | Killed a skyshark
 10659 | Lair:2   | Reached **** piety under Okawaru
 10757 | Lair:2   | 10757 ||| READING scroll labelled YKUGE TUTI.
 10809 | Lair:3   | 10809 ||| INVOKING Heroism.
 10816 | Lair:3   | Reached XP level 12. HP: 77/77 MP: 12/15
 10823 | Lair:3   | Reached skill level 15 in Ranged Weapons
 10876 | Lair:3   | Found a transporter.
 10963 | Lair:3   | Noticed an eight-headed hydra
 10964 | Lair:3   | 10964 ||| INVOKING Heroism.
 10968 | Lair:3   | Killed an eight-headed hydra
 10999 | Lair:3   | 10999 ||| INVOKING Heroism.
 11073 | Lair:3   | Reached skill level 6 in Invocations
 11081 | Lair:3   | Reached ***** piety under Okawaru
 11098 | Lair:3   | Found a transporter.
 11318 | Lair:3   | 11318 ||| INVOKING Heroism.
 11391 | Lair:3   | Noticed Amaemon
 11392 | Lair:3   | 11392 ||| INVOKING Heroism.
 11403 | Lair:3   | Killed Amaemon
 11464 | Lair:3   | 11464 ||| FLEEEEING.
 11550 | Lair:3   | Identified the +7 triple crossbow "Grim Tooth" {freeze, rF+
                  | Dex+3} (Okawaru gifted it to you on level 3 of the Lair of
                  | Beasts)
 11550 | Lair:3   | Received a gift from Okawaru
 11556 | Lair:3   | 11556 ||| INVOKING Heroism.
 11562 | Lair:3   | Reached skill level 16 in Ranged Weapons
 11681 | Lair:3   | 11681 ||| SWAPPING to +7 triple crossbow "Grim Tooth"
                  | {freeze, rF+ Dex+3}.
 11682 | Lair:3   | 11682 ||| DROPPING +0 longbow of freezing.
 11957 | Lair:4   | Noticed a skyshark
 11959 | Lair:4   | Noticed an eight-headed hydra
 11960 | Lair:4   | 11960 ||| INVOKING Heroism.
 11970 | Lair:4   | Killed a skyshark
 11971 | Lair:4   | Reached skill level 9 in Invocations
 11971 | Lair:4   | Reached XP level 13. HP: 51/82 MP: 19/19
 12075 | Lair:4   | 12075 ||| FLEEEEING.
 12076 | Lair:4   | 12076 ||| STAIRDANCE
 12206 | Lair:4   | Noticed Sonja
 12207 | Lair:4   | 12207 ||| INVOKING Finesse.
 12211 | Lair:4   | Killed Sonja
 12349 | Lair:4   | Found a staircase to the Slime Pits.
 12459 | Lair:4   | 12459 ||| INVOKING Heroism.
 12460 | Lair:4   | 12460 ||| INVOKING Finesse.
 12490 | Lair:4   | Reached ****** piety under Okawaru
 12499 | Lair:4   | Identified the +5 scale mail of Ekhluec {Regen+ rCorr}
                  | (Okawaru gifted it to you on level 4 of the Lair of Beasts)
 12499 | Lair:4   | Received a gift from Okawaru
 12503 | Lair:4   | Reached skill level 17 in Ranged Weapons
 12505 | Lair:4   | 12505 ||| INVOKING Heroism.
 12519 | Lair:4   | Reached skill level 6 in Dodging
 12556 | Lair:4   | 12556 ||| INVOKING Heroism.
 12591 | Lair:4   | 12591 ||| INVOKING Heroism.
 12956 | Lair:4   | 12956 ||| READING 6 scrolls of identify.
 12956 | Lair:4   | 12956 ||| IDENTIFYING viscous sapphire potion
 12971 | Lair:5   | Entered Level 5 of the Lair of Beasts
 13024 | Lair:5   | 13024 ||| INVOKING Heroism.
 13029 | Lair:5   | 13029 ||| Stepping ~*~*~tactically~*~*~ (cloud).
 13138 | Lair:5   | 13138 ||| INVOKING Heroism.
 13215 | Lair:5   | 13215 ||| INVOKING Heroism.
 13220 | Lair:5   | Mutation became permanent: Your large and strong wings let
                  | you fly. [Gargoyle growth]
 13220 | Lair:5   | Gained mutation: Your large and strong wings let you fly.
                  | [Gargoyle growth]
 13220 | Lair:5   | Reached XP level 14. HP: 90/90 MP: 19/21
 13222 | Lair:5   | 13222 ||| INVOKING Finesse.
 13275 | Lair:5   | 13275 ||| INVOKING Heroism.
 13301 | Lair:5   | Reached skill level 18 in Ranged Weapons
 13571 | Lair:5   | 13571 ||| INVOKING Heroism.
 13845 | Lair:5   | 13845 ||| INVOKING Heroism.
 13964 | Lair:5   | Reached skill level 12 in Fighting
 13970 | Lair:5   | 13970 ||| INVOKING Heroism.
 13992 | Lair:5   | 13992 ||| FLEEEEING.
 13993 | Lair:5   | 13993 ||| FLEEEEING.
 13994 | Lair:5   | 13994 ||| FLEEEEING.
 13995 | Lair:5   | 13995 ||| FLEEEEING.
 13996 | Lair:5   | 13996 ||| FLEEEEING.
 13998 | Lair:5   | 13998 ||| FLEEEEING.
 13999 | Lair:5   | 13999 ||| FLEEEEING.
 14004 | Lair:5   | 14004 ||| FLEEEEING.
 14005 | Lair:5   | 14005 ||| FLEEEEING.
 14006 | Lair:5   | 14006 ||| FLEEEEING.
 14007 | Lair:5   | 14007 ||| FLEEEEING.
 14008 | Lair:5   | 14008 ||| FLEEEEING.
 14009 | Lair:5   | 14009 ||| FLEEEEING.
 14010 | Lair:5   | 14010 ||| FLEEEEING.
 14011 | Lair:5   | 14011 ||| FLEEEEING.
 14012 | Lair:5   | 14012 ||| FLEEEEING.
 14013 | Lair:5   | 14013 ||| FLEEEEING.
 14014 | Lair:5   | 14014 ||| FLEEEEING.
 14015 | Lair:5   | 14015 ||| FLEEEEING.
 14016 | Lair:5   | 14016 ||| FLEEEEING.
 14017 | Lair:5   | 14017 ||| STAIRDANCE
 14053 | Lair:4   | 14053 ||| READING scroll labelled BALURA TIUR.
 14171 | Lair:5   | Reached skill level 6 in Armour
 14206 | Lair:5   | 14206 ||| FLEEEEING.
 14211 | Lair:5   | 14211 ||| INVOKING Heroism.
 14217 | Lair:5   | Received a gift from Okawaru
 14301 | Lair:5   | 14301 ||| FLEEEEING.
 14302 | Lair:5   | 14302 ||| FLEEEEING.
 14326 | Lair:5   | 14326 ||| INVOKING Heroism.
 14365 | Lair:5   | 14365 ||| INVOKING Heroism.
 14366 | Lair:5   | 14366 ||| INVOKING Finesse.
 14435 | Lair:5   | Found a corrupted altar of Lugonu.
 14435 | Lair:5   | Found a one-way gate to the infinite horrors of the Abyss.
 14609 | Lair:5   | 14609 ||| PLANNING D:1-11
 15033 | D:9      | Found a staircase to the Orcish Mines.
 15046 | D:9      | 15046 ||| INVOKING Heroism.
 15224 | D:9      | Reached skill level 19 in Ranged Weapons
 15640 | D:9      | 15640 ||| UPGRADING to +0 troll leather armour.
 15650 | D:9      | 15650 ||| DROPPING +3 leather armour.
 15663 | D:10     | Entered Level 10 of the Dungeon
 16172 | D:10     | Found Qack's Specific Store.
 16176 | D:10     | Found Waunewnu's General Store.
 16187 | D:10     | 16187 ||| BUYING 2 potions of curing (66 gold).
 16187 | D:10     | Bought 2 potions of curing for 66 gold pieces
 16187 | D:10     | 16187 ||| BUYING potion of mutation (88 gold).
 16187 | D:10     | Bought a potion of mutation for 88 gold pieces
 16187 | D:10     | 16187 ||| BUYING scroll of enchant armour (82 gold).
 16187 | D:10     | Bought a scroll of enchant armour for 82 gold pieces
 16187 | D:10     | 16187 ||| BUYING scroll of teleportation (33 gold).
 16187 | D:10     | Bought a scroll of teleportation for 33 gold pieces
 16187 | D:10     | 16187 ||| READING scroll of enchant armour.
 16187 | D:10     | 16187 ||| ENCHANTING +1 pair of gloves.
 16298 | D:10     | 16298 ||| READING scroll labelled AGACVI RUEM.
 16402 | D:11     | 16402 ||| INVOKING Heroism.
 16576 | D:11     | 16576 ||| Stepping randomly (disturbance).
 16791 | D:11     | 16791 ||| INVOKING Heroism.
 16960 | D:11     | 16960 ||| PLANNING D
 17197 | D:12     | Noticed Urug
 17198 | D:12     | 17198 ||| INVOKING Heroism.
 17200 | D:12     | Killed Urug
 17201 | D:12     | Reached XP level 15. HP: 98/98 MP: 19/22
 17516 | D:13     | Noticed Lodul
 17516 | D:13     | Found a gate to the Vaults.
 17517 | D:13     | 17517 ||| INVOKING Heroism.
 17532 | D:13     | 17532 ||| STAIRDANCE
 17577 | D:13     | 17577 ||| STAIRDANCE
 17579 | D:12     | 17579 ||| INVOKING Heroism.
 17596 | D:13     | Killed Lodul
 17616 | D:13     | 17616 ||| FLEEEEING.
 17617 | D:13     | 17617 ||| FLEEEEING.
 17618 | D:13     | 17618 ||| FLEEEEING.
 17619 | D:13     | 17619 ||| FLEEEEING.
 17631 | D:13     | Identified the +9 mace "Qufao" {drain, rF- rN++ rCorr
                  | Int-3}
 17696 | D:13     | 17696 ||| FLEEEEING.
 17697 | D:13     | 17697 ||| FLEEEEING.
 17698 | D:13     | 17698 ||| FLEEEEING.
 17699 | D:13     | 17699 ||| FLEEEEING.
 17700 | D:13     | 17700 ||| FLEEEEING.
 17705 | D:13     | 17705 ||| FLEEEEING.
 17706 | D:13     | 17706 ||| FLEEEEING.
 17707 | D:13     | 17707 ||| FLEEEEING.
 17708 | D:13     | 17708 ||| FLEEEEING.
 17709 | D:13     | 17709 ||| FLEEEEING.
 17715 | D:13     | 17715 ||| FLEEEEING.
 17716 | D:13     | 17716 ||| FLEEEEING.
 17717 | D:13     | 17717 ||| FLEEEEING.
 17718 | D:13     | 17718 ||| FLEEEEING.
 17719 | D:13     | 17719 ||| FLEEEEING.
 17720 | D:13     | 17720 ||| FLEEEEING.
 17812 | D:13     | 17812 ||| INVOKING Heroism.
 17813 | D:13     | 17813 ||| INVOKING Finesse.
 17818 | D:13     | 17818 ||| Stepping ~*~*~tactically~*~*~ (cloud).
 18060 | D:13     | Found Otuoclaj's Book Boutique.
 18253 | D:14     | 18253 ||| PLANNING GAUNTLET
 18273 | D:14     | 18273 ||| INVOKING Heroism.
 18274 | D:14     | 18274 ||| READING 8 scrolls of teleportation.
 18338 | D:14     | Found a gate leading to a gauntlet.
 18349 | Gauntlet | Entered a Gauntlet
 18349 | Gauntlet | Found a transporter.
 18349 | Gauntlet | Found a transporter.
 18368 | Gauntlet | Found a transporter.
 18372 | Gauntlet | Found a transporter.
 18376 | Gauntlet | Found a transporter.
 18381 | Gauntlet | Found a transporter.
 18389 | Gauntlet | Found a transporter.
 18408 | Gauntlet | Found a transporter.
 18426 | Gauntlet | Found a transporter.
 18430 | Gauntlet | Found a transporter.
 18441 | Gauntlet | Found a transporter.
 18442 | Gauntlet | Found a transporter.
 18495 | Gauntlet | Reached skill level 20 in Ranged Weapons
 18576 | Gauntlet | Identified the +1 pair of gloves "Kowkeal" {rElec rN+
                  | Will++}
 18580 | Gauntlet | 18580 ||| UPGRADING to +1 pair of gloves "Kowkeal" {rElec
                  | rN+ Will++}.
 18590 | Gauntlet | 18590 ||| UPGRADING to ring of willpower.
 18627 | Gauntlet | 18627 ||| INVOKING Heroism.
 18690 | D:14     | 18690 ||| PLANNING D
 18978 | D:14     | 18978 ||| INVOKING Heroism.
 19035 | D:14     | 19035 ||| INVOKING Heroism.
 19307 | D:15     | Entered Level 15 of the Dungeon
 19309 | D:15     | 19309 ||| STAIRDANCE
 19345 | D:15     | 19345 ||| Stepping ~*~*~tactically~*~*~ (outnumbered).
 19406 | D:15     | Found a stormy altar of Qazlal.
 19546 | D:15     | 19546 ||| INVOKING Heroism.
 19549 | D:15     | Identified the +2 chain mail of Rotten Leaves {rPois Will-
                  | Slay+4}
 19553 | D:15     | Identified the +9 arbalest of the Arena {penet, rElec
                  | Will++ Str+3 Int-2} (Okawaru gifted it to you on level 15
                  | of the Dungeon)
 19553 | D:15     | Received a gift from Okawaru
 19611 | D:15     | Identified the +3 flail of Goatuf {flame, Will++ Int+3
                  | Dex-3}
 19631 | D:15     | Noticed Jorgrun
 19632 | D:15     | 19632 ||| INVOKING Heroism.
 19633 | D:15     | 19633 ||| INVOKING Finesse.
 19641 | D:15     | Killed Jorgrun
 19701 | D:15     | Found a frozen archway.
 19821 | D:15     | Reached XP level 16. HP: 97/106 MP: 23/23
 19821 | D:15     | 19821 ||| INVOKING Heroism.
 19864 | D:15     | Found a staircase to the Depths.
 20403 | D:15     | 20403 ||| PLANNING ORC
 20583 | Orc:1    | Entered Level 1 of the Orcish Mines
 20589 | Orc:1    | 20589 ||| INVOKING Heroism.
 20707 | Orc:1    | 20707 ||| INVOKING Heroism.
 20780 | Orc:1    | 20780 ||| INVOKING Heroism.
 21033 | Orc:2    | Entered Level 2 of the Orcish Mines
 21033 | Orc:2    | Noticed Maurice
 21033 | Orc:2    | Found Epleumn's Book Boutique.
 21034 | Orc:2    | 21034 ||| STAIRDANCE
 21138 | Orc:2    | 21138 ||| INVOKING Heroism.
 21147 | Orc:2    | 21147 ||| STAIRDANCE
 21157 | Orc:1    | 21157 ||| Stepping randomly (disturbance).
 21158 | Orc:1    | 21158 ||| Stepping randomly (disturbance).
 21159 | Orc:1    | 21159 ||| Stepping randomly (disturbance).
 21166 | Orc:1    | 21166 ||| Stepping randomly (disturbance).
 21167 | Orc:1    | Killed Maurice
 21168 | Orc:1    | Reached skill level 21 in Ranged Weapons
 21207 | Orc:2    | Noticed Rupert
 21208 | Orc:2    | 21208 ||| INVOKING Heroism.
 21217 | Orc:2    | HP: 21/106 [Rupert/+1 great mace of protection (36)]
 21218 | Orc:2    | 21218 ||| STAIRDANCE
 21220 | Orc:1    | 21220 ||| READING 9 scrolls of teleportation.
 21221 | Orc:1    | 21221 ||| DRINKING 4 potions of heal wounds.
 21224 | Orc:1    | HP: 20/106 [Rupert/+1 great mace of protection (23)]
 21225 | Orc:1    | 21225 ||| READING 8 scrolls of teleportation.
 21226 | Orc:1    | 21226 ||| DRINKING 3 potions of heal wounds.
 21227 | Orc:1    | 21227 ||| DRINKING 2 potions of heal wounds.
 21313 | Orc:2    | 21313 ||| INVOKING Heroism.
 21319 | Orc:2    | Noticed Snorg
 21336 | Orc:2    | Killed Snorg
 21336 | Orc:2    | HP: 20/107 [orc warrior/+0 scimitar (20)]
 21337 | Orc:2    | 21337 ||| READING 7 scrolls of teleportation.
 21338 | Orc:2    | 21338 ||| DRINKING potion of heal wounds.
 21357 | Orc:2    | 21357 ||| INVOKING Heroism.
 21397 | Orc:2    | 21397 ||| PLANNING ORC
 21398 | Orc:2    | 21398 ||| Stepping randomly (disturbance).
 21467 | Orc:2    | 21467 ||| INVOKING Heroism.
 21526 | Orc:2    | Found Ingosowu's General Store.
 21535 | Orc:2    | 21535 ||| BUYING potion of curing (45 gold).
 21535 | Orc:2    | Bought a potion of curing for 45 gold pieces
 21535 | Orc:2    | 21535 ||| BUYING potion of heal wounds (75 gold).
 21535 | Orc:2    | Bought a potion of heal wounds for 75 gold pieces
 21535 | Orc:2    | 21535 ||| BUYING potion of might (60 gold).
 21535 | Orc:2    | Bought a potion of might for 60 gold pieces
 21536 | Orc:2    | Found a staircase to the Elven Halls.
 21550 | Orc:2    | Found Liat's Antique Armour Shoppe.
 21560 | Orc:2    | 21560 ||| BUYING pearl-encrusted leather armour (224 gold).
 21560 | Orc:2    | Bought a pearl-encrusted leather armour for 224 gold pieces
 21560 | Orc:2    | Identified the +1 leather armour of the Sunfish {Harm rElec
                  | Str+3 Dex+4} (You bought it in a shop on level 2 of the
                  | Orcish Mines)
 21585 | Orc:2    | 21585 ||| INVOKING Heroism.
 21619 | Orc:2    | Reached skill level 15 in Fighting
 21635 | Orc:2    | Found Appurru's Antique Weapon Boutique.
 21931 | Orc:2    | 21931 ||| PLANNING SNAKE:1-3
 22085 | Snake:1  | Entered Level 1 of the Snake Pit
 22093 | Snake:1  | 22093 ||| STAIRDANCE
 22095 | Snake:1  | 22095 ||| STAIRDANCE
 22097 | Lair:2   | 22097 ||| INVOKING Heroism.
 22234 | Snake:1  | 22234 ||| FLEEEEING.
 22235 | Snake:1  | 22235 ||| STAIRDANCE
 22284 | Snake:1  | 22284 ||| INVOKING Heroism.
 22285 | Snake:1  | 22285 ||| Stepping ~*~*~tactically~*~*~ (outnumbered).
 22286 | Snake:1  | 22286 ||| Stepping ~*~*~tactically~*~*~ (outnumbered).
 22292 | Snake:1  | Reached skill level 9 in Dodging
 22309 | Snake:1  | 22309 ||| INVOKING Heroism.
 22329 | Snake:1  | Received a gift from Okawaru
 22453 | Snake:1  | 22453 ||| Stepping ~*~*~tactically~*~*~ (outnumbered).
 22455 | Snake:1  | 22455 ||| Stepping ~*~*~tactically~*~*~ (outnumbered).
 22465 | Snake:1  | 22465 ||| Stepping ~*~*~tactically~*~*~ (outnumbered).
 22507 | Snake:1  | 22507 ||| INVOKING Heroism.
 22509 | Snake:1  | 22509 ||| Stepping ~*~*~tactically~*~*~ (outnumbered).
 22534 | Snake:1  | Received a gift from Okawaru
 22780 | Snake:2  | 22780 ||| Stepping ~*~*~tactically~*~*~ (outnumbered).
 22782 | Snake:2  | 22782 ||| Stepping ~*~*~tactically~*~*~ (outnumbered).
 22784 | Snake:2  | 22784 ||| Stepping ~*~*~tactically~*~*~ (outnumbered).
 22785 | Snake:2  | 22785 ||| Stepping ~*~*~tactically~*~*~ (outnumbered).
 22849 | Snake:2  | 22849 ||| Stepping ~*~*~tactically~*~*~ (outnumbered).
 22852 | Snake:2  | 22852 ||| Stepping ~*~*~tactically~*~*~ (outnumbered).
 22853 | Snake:2  | 22853 ||| Stepping ~*~*~tactically~*~*~ (outnumbered).
 22860 | Snake:2  | 22860 ||| INVOKING Heroism.
 22936 | Snake:2  | 22936 ||| Stepping ~*~*~tactically~*~*~ (outnumbered).
 22937 | Snake:2  | 22937 ||| Stepping ~*~*~tactically~*~*~ (outnumbered).
 22939 | Snake:2  | 22939 ||| Stepping ~*~*~tactically~*~*~ (outnumbered).
 22940 | Snake:2  | 22940 ||| Stepping ~*~*~tactically~*~*~ (outnumbered).
 23015 | Snake:2  | Reached XP level 17. HP: 113/113 MP: 24/24
 23108 | Snake:2  | 23108 ||| INVOKING Heroism.
 23464 | Snake:2  | Noticed Donald
 23465 | Snake:2  | 23465 ||| INVOKING Heroism.
 23468 | Snake:2  | Killed Donald
 23469 | Snake:2  | Reached skill level 22 in Ranged Weapons
 23606 | Snake:2  | Identified the +2 triple crossbow of Overwhelming Force
                  | {elec, Will+} (Okawaru gifted it to you on level 2 of the
                  | Snake Pit)
 23606 | Snake:2  | Received a gift from Okawaru
 23611 | Snake:2  | 23611 ||| DROPPING +2 triple crossbow of Overwhelming Force
                  | {elec, Will+}.
 23686 | Snake:2  | Reached skill level 9 in Armour
 24061 | Snake:3  | 24061 ||| INVOKING Heroism.
 24064 | Snake:3  | Noticed Vashnia
 24093 | Snake:3  | 24093 ||| STAIRDANCE
 24168 | Snake:3  | 24168 ||| STAIRDANCE
 24183 | Snake:3  | 24183 ||| STAIRDANCE
 24222 | Snake:3  | Killed Vashnia
 24225 | Snake:3  | 24225 ||| STAIRDANCE
 24265 | Snake:3  | 24265 ||| INVOKING Heroism.
 24279 | Snake:3  | 24279 ||| READING 17 scrolls of identify.
 24279 | Snake:3  | 24279 ||| IDENTIFYING fizzy red potion
 24280 | Snake:3  | 24280 ||| DROPPING potion of ambrosia.
 24522 | Snake:3  | 24522 ||| Stepping ~*~*~tactically~*~*~ (outnumbered).
 24524 | Snake:3  | 24524 ||| Stepping ~*~*~tactically~*~*~ (outnumbered).
 24526 | Snake:3  | 24526 ||| INVOKING Heroism.
 24527 | Snake:3  | 24527 ||| Stepping ~*~*~tactically~*~*~ (outnumbered).
 24693 | Snake:3  | 24693 ||| INVOKING Heroism.
 24705 | Snake:3  | Noticed Kirke
 24732 | Snake:3  | Killed Kirke
 24734 | Snake:3  | 24734 ||| INVOKING Heroism.
 24871 | Snake:3  | Found Naraomaj's Weapon Boutique.
 24879 | Snake:3  | Found Dooriq's General Store.
 24887 | Snake:3  | 24887 ||| BUYING potion of curing (48 gold).
 24887 | Snake:3  | Bought a potion of curing for 48 gold pieces
 24887 | Snake:3  | 24887 ||| BUYING potion of mutation (128 gold).
 24887 | Snake:3  | Bought a potion of mutation for 128 gold pieces
 24887 | Snake:3  | 24887 ||| BUYING potion of mutation (128 gold).
 24887 | Snake:3  | Bought a potion of mutation for 128 gold pieces
 24887 | Snake:3  | 24887 ||| BUYING ring "Vaotom" {rN++ Int+6} (856 gold).
 24887 | Snake:3  | Bought the ring "Vaotom" {rN++ Int+6} for 856 gold pieces
 24887 | Snake:3  | 24887 ||| BUYING ring of protection from cold (400 gold).
 24887 | Snake:3  | Bought a ring of protection from cold for 400 gold pieces
 24887 | Snake:3  | 24887 ||| BUYING scroll of enchant armour (120 gold).
 24887 | Snake:3  | Bought a scroll of enchant armour for 120 gold pieces
 24887 | Snake:3  | 24887 ||| READING scroll of enchant armour.
 24887 | Snake:3  | 24887 ||| ENCHANTING +0 helmet.
 25289 | Snake:3  | Noticed Aizul
 25290 | Snake:3  | 25290 ||| INVOKING Heroism.
 25291 | Snake:3  | 25291 ||| INVOKING Finesse.
 25297 | Snake:3  | Killed Aizul
 25390 | Snake:3  | 25390 ||| INVOKING Heroism.
 25483 | Snake:3  | 25483 ||| PLANNING SWAMP:1-3
 25483 | Snake:3  | 25483 ||| DROPPING amulet of guardian spirit.
 25484 | Snake:3  | 25484 ||| UPGRADING to ring of protection from cold.
 25589 | Swamp:1  | Entered Level 1 of the Swamp
 25590 | Swamp:1  | 25590 ||| INVOKING Heroism.
 25615 | Swamp:1  | Identified the +4 mace "Doli" {freeze, rF++}
 25675 | Swamp:1  | Found the +8 storm bow {elec, penet}
 25709 | Swamp:1  | 25709 ||| INVOKING Heroism.
 25715 | Swamp:1  | 25715 ||| Stepping ~*~*~tactically~*~*~ (outnumbered).
 25738 | Swamp:1  | 25738 ||| INVOKING Heroism.
 25838 | Swamp:1  | 25838 ||| INVOKING Heroism.
 26025 | Swamp:1  | 26025 ||| INVOKING Heroism.
 26041 | Swamp:1  | 26041 ||| DROPPING ring of fire.
 26070 | Swamp:2  | 26070 ||| INVOKING Heroism.
 26073 | Swamp:2  | Reached XP level 18. HP: 124/124 MP: 22/25
 26144 | Swamp:2  | 26144 ||| INVOKING Heroism.
 26183 | Swamp:2  | Received a gift from Okawaru
 26371 | Swamp:2  | 26371 ||| Stepping ~*~*~tactically~*~*~ (outnumbered).
 26373 | Swamp:2  | 26373 ||| Stepping ~*~*~tactically~*~*~ (outnumbered).
 26375 | Swamp:2  | 26375 ||| Stepping ~*~*~tactically~*~*~ (outnumbered).
 26377 | Swamp:2  | 26377 ||| Stepping ~*~*~tactically~*~*~ (outnumbered).
 26379 | Swamp:2  | 26379 ||| Stepping ~*~*~tactically~*~*~ (outnumbered).
 26409 | Swamp:2  | 26409 ||| Stepping ~*~*~tactically~*~*~ (outnumbered).
 26482 | Swamp:2  | 26482 ||| INVOKING Heroism.
 26483 | Swamp:2  | 26483 ||| DROPPING +6 ring of intelligence.
 26645 | Swamp:2  | 26645 ||| FLEEEEING.
 26646 | Swamp:2  | 26646 ||| FLEEEEING.
 26647 | Swamp:2  | 26647 ||| FLEEEEING.
 26648 | Swamp:2  | 26648 ||| FLEEEEING.
 26692 | Swamp:2  | Reached skill level 18 in Fighting
 26786 | Swamp:3  | 26786 ||| INVOKING Heroism.
 26798 | Swamp:3  | Identified the +4 dagger "Foir" {heavy, rElec Str-4 Int+3
                  | Dex+2}
 26816 | Swamp:3  | Identified the +1 robe of the Spheres {+Blink Will+ Str+3}
 26873 | Swamp:3  | 26873 ||| INVOKING Heroism.
 26902 | Swamp:3  | Noticed Bai Suzhen
 26904 | Swamp:3  | 26904 ||| INVOKING Finesse.
 26909 | Swamp:3  | Killed Bai Suzhen
 26925 | Swamp:3  | 26925 ||| INVOKING Heroism.
 27007 | Swamp:3  | Found a runed translucent door.
 27007 | Swamp:3  | Noticed qw's ghost (adept GrFi)
 27149 | Swamp:3  | 27149 ||| PLANNING SNAKE:4
 27149 | Swamp:3  | 27149 ||| DROPPING +1 robe of the Spheres {+Blink Will+
                  | Str+3}.
 27150 | Swamp:3  | 27150 ||| UPGRADING to amulet of faith.
 27314 | Snake:4  | Entered Level 4 of the Snake Pit
 27379 | Snake:4  | 27379 ||| INVOKING Heroism.
 27422 | Snake:4  | 27422 ||| Stepping ~*~*~tactically~*~*~ (outnumbered).
 27423 | Snake:4  | 27423 ||| Stepping ~*~*~tactically~*~*~ (outnumbered).
 27425 | Snake:4  | 27425 ||| Stepping ~*~*~tactically~*~*~ (outnumbered).
 27545 | Snake:4  | 27545 ||| INVOKING Heroism.
 27748 | Snake:4  | 27748 ||| INVOKING Heroism.
 27781 | Snake:4  | Received a gift from Okawaru
 27783 | Snake:4  | 27783 ||| DROPPING +1 heavy triple crossbow.
 27885 | Snake:4  | 27885 ||| Stepping ~*~*~tactically~*~*~ (outnumbered).
 27888 | Snake:4  | 27888 ||| Stepping ~*~*~tactically~*~*~ (outnumbered).
 27921 | Snake:4  | 27921 ||| INVOKING Heroism.
 27945 | Snake:4  | 27945 ||| Stepping ~*~*~tactically~*~*~ (outnumbered).
 27948 | Snake:4  | 27948 ||| Stepping ~*~*~tactically~*~*~ (outnumbered).
 27961 | Snake:4  | 27961 ||| READING scroll of enchant armour.
 27961 | Snake:4  | 27961 ||| ENCHANTING +1 helmet.
 28100 | Snake:4  | Noticed Louise
 28101 | Snake:4  | 28101 ||| INVOKING Heroism.
 28102 | Snake:4  | 28102 ||| Stepping ~*~*~tactically~*~*~ (outnumbered).
 28119 | Snake:4  | HP: 23/126 [Louise/+1 eveningstar of pain (16)]
 28120 | Snake:4  | 28120 ||| READING 12 scrolls of teleportation.
 28120 | Snake:4  | HP: 7/126 [naga sharpshooter/arrow (17)]
 28120 | Snake:4  | Slain by Louise

Levels and vault maps discovered:
D:1:      dpeg_arrival_long_road, layout_basic, ebering_ecumenical_altar_webs
D:2:      minmay_alternating_diamond, layout_basic, uniq_crazy_yiuf_cottage,
          uniq_natasha
D:3:      layout_loops_corners, uniq_terence
D:4:      layout_cave_pools, gup_ossuary_entry_pyramid, serial_shops,
          nicolae_shop_rolling_square
D:5:      kennysheep_windowed_halls, layout_loops_ring, jmf_multi_god_temple,
          minmay_temple_entry_sparse_star, serial_shops, shop
D:6:      lemuel_ice_spiral_2, layout_basic, kennysheep_mini, serial_curves,
          eino_curves_02, eino_curves_04, minmay_mini_ossuary, uniq_edmund
D:7:      wad_crossroads, layout_basic, mainiacjoe_overflow_paths,
          nicolae_overflow_squiral, kennysheep_generic_room_7
D:8:      layout_basic, nicolae_elyvilon_temple_path, lair_entry_dummy
D:9:      layout_basic, zombieorc1_lemuel, kennysheep_generic_room_16
D:10:     layout_irregular_city, nicolae_specific_store
D:11:     layout_loops_cross, kennysheep_generic_room_14
D:12:     layout_loops_ring, uniq_urug
D:13:     cheibrodos_frozen_isle, layout_irregular_city, david_vaults_3,
          serial_shops, nicolae_shop_window_shopping
D:14:     layout_roguey, gauntlet_entry_generic, chequers_jeans,
          minmay_misc_feat_cross
D:15:     hangedman_depths_entry_civil_slaughter, layout_stronghold,
          nicolae_qazlal_general_emergency, portal_ice_cave_entry_pillars_2,
          minmay_alternating_orb, uniq_jorgrun
Temple:   regret_index_temple_generic_petals
Lair:1:   gammafunk_worm_tunnel, layout_long_grid, gammafunk_ghost_cemetery
Lair:2:   layout_chaotic_city, minmay_swamp_entry_reptiles,
          minmay_snake_entry_guardpost_large, enter_volcano_2
Lair:3:   gammafunk_cloud_chamber, layout_gridlike, serial_bayou_ford_a,
          lemuel_fruit_fields, uniq_amaemon
Lair:4:   hellmonk_destroyed_diamonds, layout_misc_corridors, slime_entry_1,
          beast_lair_carwin_5, uniq_sonja
Lair:5:   hellmonk_lair_end_abyssal_woods, layout_cellular_growth
Swamp:1:  layout_basic_swamp, nicolae_swamp_little_swirl, swamp_pool3
Swamp:2:  layout_basic_swamp, nicolae_swamp_well_well_well, swamp_pool1,
          nicolae_swamp_vermiculated
Swamp:3:  layout_falls_marsh, gammafunk_ghost_grave,
          infiniplex_staircase_pool_2, uniq_bai_suzhen
Snake:1:  cheibrodos_snake_ritualist_ritual, layout_rooms,
          hangedman_snake_wide_pillar_pass
Snake:2:  layout_basic, special_room, serial_bayou_shore_b, uniq_donald
Snake:3:  layout_layer_cave, serial_bayou_shore_a, minmay_shoptagon, uniq_aizul,
          uniq_kirke, uniq_vashnia
Snake:4:  hellmonk_snake_rune_quicksilver_temple, layout_cave_town, uniq_louise
Orc:1:    layout_caves
Orc:2:    grunt_orc_gardens, layout_caves, grunt_orc_garden, grunt_orc_garden,
          grunt_orc_garden, grunt_orc_garden, minmay_orc_barracks, uniq_snorg,
          uniq_rupert, uniq_maurice

Skill      XL: |  1  2  3  4  5  6  7  8  9 10 11 12 13 14 15 16 17 18 |
---------------+-------------------------------------------------------+-----
Ranged Weapons | 3 4 5 6 8 9 11 13 14 16 17 19 20 21 22 | 22.0
Fighting       | 2 4 6 7 8 10 11 13 14 15 17 18 | 18.4
Armour         | 2 3 4 5 7 8 10 11 | 11.2
Dodging        | 2 3 4 6 8 9 10 11 | 11.0
Invocations    | 3 4 9 10 | 10.0
Spellcasting   | |  1.0
Hexes          | |  2.6

Action                     |  1- 3 |  4- 6 |  7- 9 | 10-12 | 13-15 | 16-18 || total
---------------------------+-------+-------+-------+-------+-------+-------++-------
   Fire: Sling             |    82 |   182 |   305 |       |       |       ||   569
         Longbow           |       |       |   103 |   640 |       |       ||   743
         Triple crossbow   |       |       |       |    17 |   777 |   927 ||  1721
 Invoke: Heroism           |       |       |     3 |    24 |    27 |    40 ||    94
         Finesse           |       |       |       |       |     6 |     2 ||     8
    Use: Potion            |     1 |     3 |     7 |     2 |       |     4 ||    17
         Scroll            |     1 |     7 |     8 |     4 |     5 |     7 ||    32
 Armour: Robe              |     5 |       |    44 |     7 |       |       ||    56
         Ring mail         |    14 |    75 |   111 |       |       |       ||   200
         Leather armour    |       |       |       |   178 |   119 |       ||   297
         Troll leather arm |       |       |       |       |   155 |   257 ||   412
  Dodge: Dodged            |    40 |    59 |   165 |   250 |   464 |   534 ||  1512

Table legend:
 A = Non-vault XP
 B = Vault XP
 C = Vault XP percentage of total XP
 D = Non-vault monster count
 E = Vault monster count
 F = Vault count percentage of total count
                 A         B        C        D         E       F
            +---------+---------+-------+---------+---------+-------
      Total |  206241 |   84882 |  29.2 |     687 |     278 |  28.8
            +---------+---------+-------+---------+---------+-------
        D:1 |      28 |       0 |   0.0 |      18 |       0 |   0.0
        D:2 |      69 |      58 |  45.7 |      13 |       8 |  38.1
        D:3 |      45 |      36 |  44.4 |      12 |       1 |   7.7
        D:4 |     402 |      18 |   4.3 |      18 |       1 |   5.3
        D:5 |    1012 |    1243 |  55.1 |      24 |      22 |  47.8
        D:6 |    1137 |     180 |  13.7 |      30 |       6 |  16.7
        D:7 |    1662 |     201 |  10.8 |      25 |       5 |  16.7
        D:8 |    1237 |       0 |   0.0 |      31 |       0 |   0.0
        D:9 |    1099 |    1378 |  55.6 |      15 |      31 |  67.4
       D:10 |    2880 |       0 |   0.0 |      14 |       0 |   0.0
       D:11 |    3511 |     836 |  19.2 |      21 |       1 |   4.5
       D:12 |    4341 |    3865 |  47.1 |       9 |      15 |  62.5
       D:13 |    6289 |    4520 |  41.8 |      11 |      19 |  63.3
       D:14 |   11538 |       0 |   0.0 |      22 |       0 |   0.0
       D:15 |    6474 |   13967 |  68.3 |      11 |      22 |  66.7
     Lair:1 |    4099 |       0 |   0.0 |      16 |       0 |   0.0
     Lair:2 |    5996 |    2580 |  30.1 |      19 |      13 |  40.6
     Lair:3 |   10715 |    1209 |  10.1 |      41 |       2 |   4.7
     Lair:4 |   17096 |    3061 |  15.2 |      40 |       7 |  14.9
     Lair:5 |   12447 |   11174 |  47.3 |      30 |      37 |  55.2
    Swamp:1 |   15503 |       0 |   0.0 |      33 |       0 |   0.0
    Swamp:2 |    9197 |    4113 |  30.9 |      16 |      13 |  44.8
    Swamp:3 |    9203 |    3199 |  25.8 |      12 |       1 |   7.7
    Snake:1 |   14915 |    2138 |  12.5 |      31 |       4 |  11.4
    Snake:2 |   19129 |    1356 |   6.6 |      42 |       1 |   2.3
    Snake:3 |   22794 |    9976 |  30.4 |      48 |      14 |  22.6
    Snake:4 |   15225 |    7135 |  31.9 |      30 |      12 |  28.6
      Orc:1 |    3456 |     472 |  12.0 |      24 |       1 |   4.0
      Orc:2 |    4742 |    9302 |  66.2 |      31 |      29 |  48.3
   Gauntlet |       0 |    2865 | 100.0 |       0 |      13 | 100.0
            +---------+---------+-------+---------+---------+-------
